 Dungeon Crawl Stone Soup version 0.16-a0-4099-g0be755f (console) character file.

427 mauris the Ducker (level 6, -2/48 HPs)
             Began as a Merfolk Wanderer on Feb 25, 2015.
             Was an Initiate of Okawaru.
             Slain by dysrexia's ghost (5 damage)
             ... on level 5 of the Dungeon.
             The game lasted 00:17:12 (5646 turns).

mauris the Ducker (Merfolk Wanderer)                Turns: 5646, Time: 00:17:13

Health: -2/48      AC: 16    Str: 13    XL:     6   Next: 97%
Magic:  6/6        EV: 10    Int: 10    God:    Okawaru [......]
Gold:   211        SH:  0    Dex: 16    Spells: 2 memorised, 2 levels left

rFire  . . .     SeeInvis .     a - +4 dagger
rCold  . . .     Clarity  .     w - +2 chain mail {rPois}
rNeg   + . .     SustAb   .     (no shield)
rPois  +         Gourm    .     (no helmet)
rElec  .         Spirit   .     b - +0 cloak
rCorr  .         Warding  .     (no gloves)
rMut   .         Stasis   .     d - +2 pair of boots
MR     +....                    (no amulet)
Stlth  +.........               p - ring of protection from magic
                                c - ring of positive energy

@: heroism, somewhat resistant to hostile enchantments, very unstealthy
A: change form in water, swift swim, evolution 1
a: Renounce Religion


You were on level 5 of the Dungeon.
You worshipped Okawaru.
Okawaru was noncommittal.
You were not hungry.

You visited 1 branch of the dungeon, and saw 5 of its levels.

You collected 211 gold pieces.

Inventory:

Hand weapons
 a - a +4 dagger (weapon)
 e - a +0 trident
 v - a +2 hand axe of distortion {!w}
Missiles
 n - a stone (quivered)
Armour
 b - a +0 cloak (worn)
 d - a +2 pair of boots (worn)
 w - a +2 chain mail of poison resistance (worn)
Jewellery
 c - a ring of positive energy (left hand)
 k - a cursed ring of loudness {unknown}
 p - a ring of protection from magic (right hand)
Magical devices
 s - a wand of lightning (0)
Scrolls
 g - a scroll of immolation {unknown}
 h - a scroll of random uselessness {unknown}
 i - 3 scrolls of remove curse
 m - a scroll of enchant weapon
 q - 3 scrolls of magic mapping
 u - a scroll of fog {unknown}
Potions
 j - a potion of curing {@q1}
 t - a potion of haste {@q3}
Books
 r - a book of Battle

   Spells                             Type                      Level
   a - Infusion                       Charms                       1
   b - Shroud of Golubria             Charms/Translocation         2
   c - Song of Slaying                Charms                       2
   d - Spectral Weapon                Hexes/Charms                 3
   e - Regeneration                   Charms/Necromancy            3
Comestibles
 f - 2 bread rations
 l - 2 meat rations
 o - 2 beef jerkies


   Skills:
 + Level 4.2(9.2) Fighting
 + Level 4.4(9.4) Short Blades
   Level 1.0(6.0) Maces & Flails
 - Level 1.0(6.0) Armour
 + Level 4.7(9.7) Dodging
 - Level 3.7(8.7) Stealth
 - Level 3.7 Charms


You had 2 spell levels left.
You knew the following spells:

 Your Spells              Type           Power        Failure   Level  Hunger
i - Infusion              Chrm           #.....       99%         1    ##.....
s - Song of Slaying       Chrm           #.......     100%        2    ###....


Dungeon Overview and Level Annotations

Branches:
Dungeon (5/15)
 Temple: D:4-7

Altars:
Elyvilon
Okawaru
Ru

Shops:
D:4 (   D:5 *[!

Annotations:
D:4 exclusions: ogre and scorpion
D:5 dysrexia's ghost, average HOGl


Innate Abilities, Weirdness & Mutations

You revert to your normal form in water.
You are very nimble and swift while swimming.
You evolve.


Message History

You hit dysrexia's ghost but do no damage.
Dysrexia's ghost is severely damaged.
You hit dysrexia's ghost.
Dysrexia's ghost is almost destroyed.
Dysrexia's ghost hits you.
* * * LOW HITPOINT WARNING * * *
Huge Dmg: -10%(-5hp) hp: 7%(3hp)
You barely miss dysrexia's ghost.
Dysrexia's ghost is almost destroyed.
The kobold hits you but does no damage.
You hit dysrexia's ghost but do no damage.
Dysrexia's ghost is almost destroyed.
Dysrexia's ghost barely misses you. The kobold closely misses you.
You hit dysrexia's ghost but do no damage.
You punch dysrexia's ghost.
Dysrexia's ghost is almost destroyed.
You hit dysrexia's ghost but do no damage.
Dysrexia's ghost is almost destroyed.
Dysrexia's ghost hits you.
You die...

#.#~~...~~#.#.#
**#..#*,,,,**
#.###...#####.# **..,,,,**
..# ##.###.##.#
*****,,,****
.#####.###.##.###
**,,,,,,,,
......).....#...#
*,,,,,,,,,
########..#.###.#
**,,,,,**, # ##.###.#.##
**,,,,*** #
#.+\#.[..########***,,***
#
#####...@K5.......,*,,,,,
# ##...W#........\,,*,,, #
###....###.#...,.**,,,, #
#.......##.#.#...,,,,,, #
#.....#...........,,,,, *
#...[.............,,,,, *
***
***###...#######+###.,,,,,
****8***8***#...#
**,,,,,**,,,,,
**8,,,8,,,8*#...#
*,,,,,,,*,,,,,


You could see dysrexia's ghost, a shadow imp and a kobold.

Vanquished Creatures
  An iguana (D:4)
  5 orc wizards
  An orc priest (D:4)
  A worker ant (D:4)
  3 gnolls
  7 adders
  5 worms
  5 giant geckos
  An ooze (D:3)
  13 orcs
  A ball python (D:2)
  A bat skeleton (D:4)
  5 giant cockroaches
  5 goblins
  6 hobgoblins
  6 jackals (D:1)
  6 kobolds
  2 quokkas
  8 bats
  9 giant newts
  A quokka skeleton (D:4)
  8 rats
100 creatures vanquished.

Notes
Turn   | Place    | Note
--------------------------------------------------------------
     0 | D:1      | mauris, the Merfolk Wanderer, began the quest for the Orb.
     0 | D:1      | mauris set off with: a +2 dagger, a potion of berserk rage {!q}, a potion of curing {@q1}, a scroll of teleportation {@r4}, a +0 robe, a bread ration
     0 | D:1      | Reached XP level 1. HP: 18/18 MP: 1/1
    33 | D:1      | Huge Dmg: 3 Dmg
    45 | D:1      | Huge Dmg: 2 Dmg
    52 | D:1      | Huge Dmg: 2 Dmg
    56 | D:1      | Huge Dmg: 4 Dmg
    57 | D:1      | Huge Dmg: 3 Dmg
    62 | D:1      | Huge Dmg: 5 Dmg
    75 | D:1      | Huge Dmg: 3 Dmg
   254 | D:1      | Reached XP level 2. HP: 24/24 MP: 2/2
   394 | D:1      | Huge Dmg: 4 Dmg
  1247 | D:1      | Reached XP level 3. HP: 29/29 MP: 3/3
  1468 | D:2      | Huge Dmg: 6 Dmg
  1669 | D:2      | Reached XP level 4. HP: 24/35 MP: 4/4
  2240 | D:2      | Reached skill level 4 in Dodging
  2263 | D:2      | Huge Dmg: 9 Dmg
  2270 | D:2      | Huge Dmg: 7 Dmg
  2270 | D:2      | Reached XP level 5. HP: 12/41 MP: 5/5
  2276 | D:2      | Huge Dmg: 5 Dmg
  2533 | D:2      | Huge Dmg: 7 Dmg
  2683 | D:2      | Huge Dmg: 9 Dmg
  2881 | D:2      | Learned a level 1 spell: Infusion
  2884 | D:2      | Learned a level 2 spell: Song of Slaying
  3177 | D:3      | Reached skill level 1 in Charms
  3327 | D:3      | Found an iron altar of Okawaru.
  3372 | D:3      | Became a worshipper of Warmaster Okawaru
  3591 | D:3      | uh oh
  3598 | D:3      | Huge Dmg: 8 Dmg
  3599 | D:3      | Huge Dmg: 8 Dmg
  3603 | D:3      | Huge Dmg: 12 Dmg
  3605 | D:3      | Huge Dmg: 5 Dmg
  3715 | D:3      | Huge Dmg: 18 Dmg
  3716 | D:3      | Huge Dmg: 9 Dmg
  3854 | D:4      | Huge Dmg: 5 Dmg
  3857 | D:4      | Huge Dmg: 6 Dmg
  4048 | D:4      | Huge Dmg: 8 Dmg
  4141 | D:4      | Noticed an ogre
  4227 | D:4      | Reached XP level 6. HP: 40/47 MP: 6/6
  4238 | D:4      | Found a sacrificial altar of Ru.
  4256 | D:4      | Found Leuschaa's Antique Weapon Boutique.
  4842 | D:4      | Huge Dmg: 9 Dmg
  4843 | D:4      | Huge Dmg: 9 Dmg
  5200 | D:4      | Acquired Okawaru's first power
  5487 | D:5      | Entered Level 5 of the Dungeon
  5487 | D:5      | Found a white marble altar of Elyvilon.
  5502 | D:5      | Gained mutation: You evolve. [potion of beneficial mutation]
  5516 | D:5      | Found Bref's Assorted Antiques.
  5559 | D:5      | Found Exzoebis' Armour Emporium.
  5578 | D:5      | Found Cred's Distillery.
  5578 | D:5      | Noticed dysrexia's ghost (average HOGl)
  5617 | D:5      | Huge Dmg: 9 Dmg
  5636 | D:5      | Huge Dmg: 13 Dmg
  5641 | D:5      | Huge Dmg: 3 Dmg
  5643 | D:5      | Huge Dmg: 5 Dmg
  5646 | D:5      | Slain by dysrexia's ghost

Action                   |  1- 3 |  4- 6 || total
-------------------------+-------+-------++-------
Melee: Dagger            |   164 |   469 ||   633
Throw: Stone             |     4 |     1 ||     5
 Cast: Infusion          |       |     2 ||     2
Invok: Heroism           |       |     1 ||     1
Evoke: Wand              |       |     3 ||     3
  Use: Potion            |     3 |     4 ||     7
       Scroll            |       |     8 ||     8
 Stab: Sleeping          |     1 |     6 ||     7
  Eat: Chunk             |     3 |    13 ||    16

Vault maps used:
D:1:      mrwooster_arrival_arrow
D:2:      serial_glass, glass_columns_a, glass_columns_a, glass_columns_a,
          glass_columns_b, first_bread
D:3:      okawaru_metal_pillars_3, serial_glass, glass_columns_a,
          glass_columns_c, corexii_shack
D:4:      nicolae_ru_sacrificial_ziggurat, serial_shops, shop,
          minmay_lizard_king
D:5:      gammafunk_temple_overflow_claw, nicolae_overflow_hidden_temple,
          elyvilon_altar_4, serial_shops, shop, shop,
          nicolae_shop_window_shopping, shop, grunt_ministairs_15,
          kennysheep_flooded_box, uniq_menkaure, uniq_edmund
